Login

Montreal Canadiens vs New York Islanders

Created - 19 April 2024 at 23:08

Goals
1 2 3 T
Montreal Canadiens 0 0 0 0
New York Islanders 0 1 3 4
Shots
1 2 3 T
Montreal Canadiens 8 5 7 20
New York Islanders 7 12 24 43

GoalsPenalties
1st period
No Goal
No Penalty
2nd period
1. New York Islanders , Jean-Gabriel Pageau 7 (Hudson Fasching 2) at 3:23
No Penalty
3rd period
2. New York Islanders , Cal Clutterbuck 4 (Scott Mayfield 8, Brock Nelson 11) at 0:45 (PP)
3. New York Islanders , Anders Lee 10 (Brock Nelson 12) at 0:53
4. New York Islanders , Oliver Wahlstrom 3 (Mathew Barzal 10) at 2:39
Josh Anderson (MTL) for Cross-checking (Minor) at 0:18
Oliver Wahlstrom (NYI) for Fighting (Major) at 14:52
Kirby Dach (MTL) for Fighting (Major) at 14:52
Goalie Stats
Jake Allen (MTL), 39 saves from 43 shots - (0.907), L, 9-7-3, 60:00 minutes
Ilya Sorokin (NYI), 20 saves from 20 shots - (1.000), W, 14-4-0, 60:00 minutes
3 StarsOfficial
1 - Ilya Sorokin (NYI)
2 - Anders Lee (NYI)
3 - Cal Clutterbuck (NYI)
Referees : Reid Anderson and Brett Roeland
Linesman : Kyle Larson and Pierre Racicot
Game Note
Oliver Wahlstrom and Kirby Dach fight to a draw at 14:52 of 3rd period
Finance
Level 1 -- Attendance: 6000 (100.00%) -- Ticket Income $600,000
Level 2 -- Attendance: 4506 (90.12%) -- Ticket Income $270,360
Level 3 -- Attendance: 1565 (78.25%) -- Ticket Income $54,775
Level 4 -- Attendance: 3059 (76.48%) -- Ticket Income $76,475
Luxury Box -- Attendance: 932 (93.20%) -- Ticket Income $186,400
Game was played at the UBS Arena.
Total Attendance: 16062 (89.23%)
Total Ticket Income: $1,188,010
Other Income: $582,125
Total Income: $1,770,135



Team Name Goals Shots Shots Attemp Shots Blocked PIM HIT PP PK FO%
Montreal Canadiens 02048127130 / 0 (0.00%144%
New York Islanders 4438475221 / 1 (100%)056%

Montreal Canadiens
Player Name POS G A P +/- PIM HIT SHT SB MP PP MP PP SHT PK MP PK SHT FO% FOT GA TA
Alex NewhookLW000-1011018:430:0000:00050% 201
Alexander EdlerD0000030120:380:0000:0000% 011
Cole CaufieldRW000-1013018:300:0000:00050% 210
David SavardD000-3011123:290:0000:2700% 000
Derick BrassardC0000020015:060:0000:27060% 1000
Joel ArmiaRW000-100108:500:0000:0000% 101
Johnathan KovacevicD0000010216:200:0000:2700% 000
Jordan HarrisD000000102:380:0000:0000% 000
Josh AndersonRW000-1211319:170:0000:00033% 300
Josh BaileyRW0000000113:080:0000:0000% 000
Kaiden GuhleD0000001115:530:0000:0000% 001
Kirby DachC000-1502016:550:0000:00033% 1521
Matt BenningD0000010020:380:0000:0000% 000
Mike MathesonD000-3001020:240:0000:0000% 001
Nick SuzukiC000-2021125:420:0000:27050% 2400
Rafael Harvey-PinardLW0000004113:510:0000:0000% 010
Sean MonahanC000-1002020:250:0000:00033% 301
Vladislav NamestnikovC000-100119:040:0000:0000% 200
New York Islanders
Player Name POS G A P +/- PIM HIT SHT SB MP PP MP PP SHT PK MP PK SHT FO% FOT GA TA
Adam PelechD0002001114:050:0000:0000% 000
Alexander RomanovD0002010013:560:0000:0000% 001
Anders LeeLW1011049025:070:2700:00050% 230
Brock NelsonC0221015020:050:2710:00059% 2900
Cal ClutterbuckRW1011022120:350:2710:0000% 201
Casey CizikasC000000009:300:0000:00067% 300
Hudson FaschingRW0111013014:020:0000:0000% 000
Jakob ChychrunD0000001118:510:0000:0000% 000
Jean-Gabriel PageauC1011013113:570:0000:00050% 620
Julien GauthierRW000000007:410:0000:0000% 100
Mathew BarzalC0111025018:370:0000:00069% 1610
Matt MartinLW0001021018:310:0000:0000% 101
Oliver WahlstromRW1011503116:360:0000:00050% 201
Pierre EngvallLW0001012014:120:0000:0000% 000
Ryan PulockD0000000218:370:0000:0000% 000
Samuel BolducD000000005:470:0000:0000% 000
Scott MayfieldD0111022022:520:2710:0000% 000
Thomas ChabotD0001056026:580:2700:0000% 011

Montreal Canadiens

5 vs 5 Forward
Line #Left WingCenterRight WingPHYDFOFWanted %Time %Time Play
1Sean MonahanNick SuzukiJosh Anderson1134232%19:05
2Alex NewhookKirby DachCole Caufield2123231%18:30
3Rafael Harvey-PinardDerick BrassardJosh Bailey2212022%13:08
4Nick SuzukiVladislav NamestnikovJoel Armia131615%8:50
5 vs 5 Defense
Line #DefenseDefensePHYDFOFWanted %Time %Time Play
1Mike MathesonDavid Savard1223634%20:24
2Matt BenningAlexander Edler2213635%20:38
3Johnathan KovacevicKaiden Guhle2302827%15:53
4Jordan HarrisDavid Savard12204%2:38
Power Play Forward
Line #Left WingCenterRight WingPHYDFOFWanted %Time %Time Play
1Derick BrassardNick SuzukiJosh Anderson104630%0:00
2Alex NewhookKirby DachCole Caufield023370%0:00
Power Play Defense
Line #DefenseDefensePHYDFOFWanted %Time %Time Play
1Mike MathesonDavid Savard122630%0:00
2Matt BenningAlexander Edler122370%0:00
Penalty Kill 4 Players Forward
Line #CenterWingPHYDFOFWanted %Time %Time Play
1Nick SuzukiJosh Anderson14060100%0:27
2Kirby DachAlex Newhook140400%0:00
Penalty Kill 4 Players Defense
Line #DefenseDefensePHYDFOFWanted %Time %Time Play
1Johnathan KovacevicDavid Savard23060100%0:27
2Matt BenningAlexander Edler230400%0:00
Penalty Kill 3 Players
Line #WingPHYDFOFWanted %Time %Time PlayDefenseDefensePHYDFOFWanted %Time %Time Play
1Nick Suzuki140560%0:00 Johnathan KovacevicDavid Savard140570%0:00
2Kirby Dach140440%0:00 Matt BenningAlexander Edler140430%0:00
4 vs 4 Forward
Line #CenterWingPHYDFOFWanted %Time %Time Play
1Nick SuzukiJosh Anderson122630%0:00
2Kirby DachAlex Newhook113370%0:00
4 vs 4 Defense
Line #DefensePHYDFOFWanted %Time %Time Play
1Mike MathesonDavid Savard221630%0:00
2Matt BenningAlexander Edler221370%0:00
Last Minutes Offensive
Left WingCenterRight WingDefenseDefense
Sean MonahanNick SuzukiJosh AndersonMike MathesonDavid Savard
Last Minutes Defensive
Left WingCenterRight WingDefenseDefense
Sean MonahanNick SuzukiJosh AndersonMike MathesonDavid Savard
Time
Total ForwardTotal DefenseLast Minutes OffensiveLast Minutes Defensive
60:00 60:00 0:000:00
Extra Forwards
Normal PowerPlayPenalty Kill
Derick Brassard, Nick Suzuki, Sean MonahanDerick Brassard, Nick SuzukiDerick Brassard
Extra Defensemen
Normal PowerPlayPenalty Kill
Alexander Edler, Johnathan Kovacevic, Kaiden GuhleAlexander Edler, Alexander EdlerJohnathan Kovacevic
Penalty Shots
Nick Suzuki, Kirby Dach, Josh Anderson, Cole Caufield, Derick Brassard
Goalie
Jake Allen, Sam Montembeault
Custom OT Lines Forwards
Nick Suzuki, Kirby Dach, Josh Anderson, Cole Caufield, Derick Brassard, Rafael Harvey-Pinard, Sean Monahan, Josh Bailey, Vladislav Namestnikov, Alex Newhook
Custom OT Lines Defensemen
Kaiden Guhle, David Savard, Matt Benning, Alexander Edler, Johnathan Kovacevic
Scratches
Christian Dvorak (Sore Right Knee Injury), Gustav Lindstrom (Healthy), Michael Pezzetta (Healthy)

New York Islanders

5 vs 5 Forward
Line #Left WingCenterRight WingPHYDFOFWanted %Time %Time Play
1Anders LeeBrock NelsonCal Clutterbuck1224034%20:01
2Matt MartinMathew BarzalOliver Wahlstrom1223131%18:14
3Pierre EngvallJean-Gabriel PageauHudson Fasching1222123%13:43
4Anders LeeCasey CizikasJulien Gauthier122813%7:35
5 vs 5 Defense
Line #DefenseDefensePHYDFOFWanted %Time %Time Play
1Thomas ChabotScott Mayfield1224038%22:20
2Jakob ChychrunRyan Pulock1223131%18:43
3Alexander RomanovAdam Pelech1222123%13:30
4Samuel BolducThomas Chabot12288%5:00
Power Play Forward
Line #Left WingCenterRight WingPHYDFOFWanted %Time %Time Play
1Anders LeeBrock NelsonCal Clutterbuck12260100%0:27
2Matt MartinMathew BarzalOliver Wahlstrom122400%0:00
Power Play Defense
Line #DefenseDefensePHYDFOFWanted %Time %Time Play
1Thomas ChabotScott Mayfield12260100%0:27
2Jakob ChychrunRyan Pulock122400%0:00
Penalty Kill 4 Players Forward
Line #CenterWingPHYDFOFWanted %Time %Time Play
1Brock NelsonAnders Lee122600%0:00
2Mathew BarzalMatt Martin122400%0:00
Penalty Kill 4 Players Defense
Line #DefenseDefensePHYDFOFWanted %Time %Time Play
1Thomas ChabotScott Mayfield122600%0:00
2Jakob ChychrunRyan Pulock122400%0:00
Penalty Kill 3 Players
Line #WingPHYDFOFWanted %Time %Time PlayDefenseDefensePHYDFOFWanted %Time %Time Play
1Brock Nelson122600%0:00 Thomas ChabotScott Mayfield122600%0:00
2Mathew Barzal122400%0:00 Jakob ChychrunRyan Pulock122400%0:00
4 vs 4 Forward
Line #CenterWingPHYDFOFWanted %Time %Time Play
1Brock NelsonAnders Lee122600%0:00
2Mathew BarzalMatt Martin122400%0:00
4 vs 4 Defense
Line #DefensePHYDFOFWanted %Time %Time Play
1Thomas ChabotScott Mayfield122600%0:00
2Jakob ChychrunRyan Pulock122400%0:00
Last Minutes Offensive
Left WingCenterRight WingDefenseDefense
Anders LeeBrock NelsonCal ClutterbuckThomas ChabotScott Mayfield
Last Minutes Defensive
Left WingCenterRight WingDefenseDefense
Anders LeeBrock NelsonCal ClutterbuckThomas ChabotScott Mayfield
Time
Total ForwardTotal DefenseLast Minutes OffensiveLast Minutes Defensive
60:00 60:00 0:000:00
Extra Forwards
Normal PowerPlayPenalty Kill
Matt Martin, Casey Cizikas, Cal ClutterbuckMatt Martin, Casey CizikasMatt Martin
Extra Defensemen
Normal PowerPlayPenalty Kill
Alexander Romanov, Adam Pelech, Samuel BolducAlexander Romanov, Alexander RomanovAdam Pelech
Penalty Shots
Brock Nelson, Anders Lee, Mathew Barzal, Jean-Gabriel Pageau, Matt Martin
Goalie
Ilya Sorokin, Kevin Mandolese
Custom OT Lines Forwards
Brock Nelson, Anders Lee, Mathew Barzal, Jean-Gabriel Pageau, Matt Martin, Casey Cizikas, Cal Clutterbuck, Pierre Engvall, Oliver Wahlstrom, Hudson Fasching
Custom OT Lines Defensemen
Thomas Chabot, Scott Mayfield, Jakob Chychrun, Ryan Pulock, Alexander Romanov
Scratches
Sebastian D Aho (Healthy), Bo Horvat (Exhaustion), Kyle Palmieri (Left Eye Injury), Semyon Varlamov (Bruised Right Shoulder Injury)


Play-by-Play

1st period


0:01 of 1st period - Sean Monahan wins face-off versus Brock Nelson in neutral zone.
0:08 of 1st period - Snap shot by Josh Anderson.
0:08 of 1st period - Stopped by Ilya Sorokin with a rebound.
0:16 of 1st period - David Savard is hit by Thomas Chabot and loses puck.
0:27 of 1st period - Sean Monahan is hit by Thomas Chabot and loses puck.
0:59 of 1st period - Snap shot by Mathew Barzal.
0:59 of 1st period - Stopped by Jake Allen without a rebound.
1:00 of 1st period - Derick Brassard wins face-off versus Casey Cizikas in Montreal Canadiens zone.
1:07 of 1st period - Wrist shot by Josh Bailey.
1:07 of 1st period - Shot Misses the Net.
1:09 of 1st period - Wrist shot by Matt Benning.
1:09 of 1st period - Shot Misses the Net.
1:11 of 1st period - Wrist shot by Alexander Edler.
1:11 of 1st period - Shot Blocked by Adam Pelech.
1:27 of 1st period - Alex Newhook is hit by Alexander Romanov and loses puck.
1:36 of 1st period - Snap shot by Mathew Barzal.
1:36 of 1st period - Shot Blocked by Alexander Edler.
1:52 of 1st period - Snap shot by Jakob Chychrun.
1:52 of 1st period - Deflect By Jean-Gabriel Pageau.
1:52 of 1st period - Stopped by Jake Allen with a rebound.
2:07 of 1st period - Off-side.
2:08 of 1st period - Derick Brassard wins face-off versus Anders Lee in neutral zone.
2:35 of 1st period - Kaiden Guhle is hit by Matt Martin.
2:41 of 1st period - Johnathan Kovacevic is hit by Matt Martin.
3:01 of 1st period - Snap shot by Nick Suzuki.
3:01 of 1st period - Stopped by Ilya Sorokin with a rebound.
3:03 of 1st period - Slapshot by Mike Matheson.
3:03 of 1st period - Stopped by Ilya Sorokin without a rebound.
3:04 of 1st period - Nick Suzuki wins face-off versus Brock Nelson in New York Islanders zone.
3:22 of 1st period - Nick Suzuki is hit by Cal Clutterbuck and loses puck.
3:45 of 1st period - Snap shot by Nick Suzuki.
3:45 of 1st period - Shot Blocked by Jean-Gabriel Pageau.
3:47 of 1st period - Slapshot by Jordan Harris.
3:47 of 1st period - Stopped by Ilya Sorokin without a rebound.
3:48 of 1st period - Brock Nelson wins face-off versus Alex Newhook in New York Islanders zone.
5:09 of 1st period - Slapshot by Hudson Fasching.
5:09 of 1st period - Stopped by Jake Allen without a rebound.
5:10 of 1st period - Cole Caufield wins face-off versus Mathew Barzal in Montreal Canadiens zone.
5:37 of 1st period - Alex Newhook is hit by Jean-Gabriel Pageau and loses puck.
5:56 of 1st period - Snap shot by Kirby Dach.
5:56 of 1st period - Stopped by Ilya Sorokin with a rebound.
6:11 of 1st period - Off-side.
6:12 of 1st period - Mathew Barzal wins face-off versus Nick Suzuki in neutral zone.
6:38 of 1st period - Ryan Pulock is hit by Derick Brassard and loses puck.
6:47 of 1st period - Rafael Harvey-Pinard is hit by Anders Lee and loses puck.
7:07 of 1st period - Wrist shot by Pierre Engvall.
7:07 of 1st period - Shot Blocked by Vladislav Namestnikov.
7:13 of 1st period - Slapshot by Jakob Chychrun.
7:13 of 1st period - Shot Blocked by Johnathan Kovacevic.
9:05 of 1st period - Nick Suzuki is hit by Mathew Barzal and loses puck.
9:41 of 1st period - Snap shot by Jean-Gabriel Pageau.
9:41 of 1st period - Shot Blocked by Josh Anderson.
9:51 of 1st period - Johnathan Kovacevic is hit by Anders Lee and loses puck.
10:47 of 1st period - Off-side.
10:48 of 1st period - Derick Brassard wins face-off versus Mathew Barzal in neutral zone.
11:18 of 1st period - Slapshot by Anders Lee.
11:18 of 1st period - Stopped by Jake Allen with a rebound.
11:20 of 1st period - Wrist shot by Anders Lee.
11:20 of 1st period - Shot Misses the Net.
11:36 of 1st period - Snap shot by Josh Anderson.
11:36 of 1st period - Shot Misses the Net.
11:54 of 1st period - Snap shot by Rafael Harvey-Pinard.
11:54 of 1st period - Shot Misses the Net.
11:56 of 1st period - Backhand shot by Matt Benning.
11:56 of 1st period - Deflect By Rafael Harvey-Pinard.
11:56 of 1st period - Shot Misses the Net.
11:56 of 1st period - Puck is out of play.
11:57 of 1st period - Brock Nelson wins face-off versus Derick Brassard in New York Islanders zone.
12:09 of 1st period - David Savard is hit by Anders Lee and loses puck.
12:22 of 1st period - Matt Martin is hit by Derick Brassard and loses puck.
12:52 of 1st period - Backhand shot by Pierre Engvall.
12:52 of 1st period - Stopped by Jake Allen with a rebound.
13:08 of 1st period - Slapshot by Cole Caufield.
13:08 of 1st period - Stopped by Ilya Sorokin with a rebound.
13:32 of 1st period - Off-side.
13:33 of 1st period - Mathew Barzal wins face-off versus Vladislav Namestnikov in neutral zone.
14:08 of 1st period - Slapshot by Brock Nelson.
14:08 of 1st period - Deflect By Anders Lee.
14:08 of 1st period - Stopped by Jake Allen with a rebound.
14:10 of 1st period - Snap shot by Cal Clutterbuck.
14:10 of 1st period - Shot Misses the Net.
14:28 of 1st period - Ryan Pulock is hit by Johnathan Kovacevic and loses puck.
14:47 of 1st period - Snap shot by Rafael Harvey-Pinard.
14:47 of 1st period - Shot Misses the Net.
14:49 of 1st period - Wrist shot by Rafael Harvey-Pinard.
14:49 of 1st period - Shot Misses the Net.
14:59 of 1st period - Slapshot by Jakob Chychrun.
14:59 of 1st period - Shot Misses the Net.
15:29 of 1st period - Backhand shot by Jean-Gabriel Pageau.
15:29 of 1st period - Shot Misses the Net.
15:51 of 1st period - Slapshot by Mathew Barzal.
15:51 of 1st period - Shot Misses the Net.
15:57 of 1st period - Snap shot by Rafael Harvey-Pinard.
15:57 of 1st period - Shot Misses the Net.
16:01 of 1st period - Wrist shot by Rafael Harvey-Pinard.
16:01 of 1st period - Shot Misses the Net.
16:03 of 1st period - Wrist shot by Rafael Harvey-Pinard.
16:03 of 1st period - Stopped by Ilya Sorokin without a rebound.
16:04 of 1st period - Brock Nelson wins face-off versus Kirby Dach in New York Islanders zone.
16:04 of 1st period - Brock Nelson is hit by Alex Newhook.
16:42 of 1st period - Snap shot by Rafael Harvey-Pinard.
16:42 of 1st period - Shot Hit the Post.
16:58 of 1st period - Slapshot by Thomas Chabot.
16:58 of 1st period - Deflect By Pierre Engvall.
16:58 of 1st period - Stopped by Jake Allen with a rebound.
17:49 of 1st period - Wrist shot by Julien Gauthier.
17:49 of 1st period - Shot Misses the Net.
17:59 of 1st period - Wrist shot by Oliver Wahlstrom.
17:59 of 1st period - Shot Misses the Net.
18:15 of 1st period - Snap shot by Cole Caufield.
18:15 of 1st period - Stopped by Ilya Sorokin without a rebound.
18:16 of 1st period - Kirby Dach wins face-off versus Jean-Gabriel Pageau in New York Islanders zone.
18:21 of 1st period - Slapshot by Cole Caufield.
18:21 of 1st period - Shot Misses the Net.
18:45 of 1st period - Brock Nelson is hit by Alexander Edler and loses puck.
18:54 of 1st period - Snap shot by Rafael Harvey-Pinard.
18:54 of 1st period - Shot Blocked by Oliver Wahlstrom.
Goals for this period are 0 for Montreal Canadiens vs 0 for New York Islanders.
Shots for this period are 8 for Montreal Canadiens vs 7 for New York Islanders.

2nd period


0:01 of 2nd period - Nick Suzuki wins face-off versus Brock Nelson in neutral zone.
0:36 of 2nd period - Slapshot by Oliver Wahlstrom.
0:36 of 2nd period - Deflect By Mathew Barzal.
0:36 of 2nd period - Stopped by Jake Allen with a rebound.
0:46 of 2nd period - Snap shot by Rafael Harvey-Pinard.
0:46 of 2nd period - Stopped by Ilya Sorokin without a rebound.
0:47 of 2nd period - Jean-Gabriel Pageau wins face-off versus Derick Brassard in New York Islanders zone.
0:54 of 2nd period - Wrist shot by Jean-Gabriel Pageau.
0:54 of 2nd period - Shot Misses the Net.
0:56 of 2nd period - Wrist shot by Hudson Fasching.
0:56 of 2nd period - Stopped by Jake Allen without a rebound.
0:57 of 2nd period - Brock Nelson wins face-off versus Nick Suzuki in Montreal Canadiens zone.
1:35 of 2nd period - Off-side.
1:36 of 2nd period - Kirby Dach wins face-off versus Matt Martin in neutral zone.
1:50 of 2nd period - Wrist shot by Cole Caufield.
1:50 of 2nd period - Stopped by Ilya Sorokin without a rebound.
1:51 of 2nd period - Alex Newhook wins face-off versus Brock Nelson in New York Islanders zone.
2:29 of 2nd period - Slapshot by Thomas Chabot.
2:29 of 2nd period - Shot Blocked by Josh Anderson.
3:09 of 2nd period - Wrist shot by Joel Armia.
3:09 of 2nd period - Shot Misses the Net.
3:11 of 2nd period - Snap shot by Joel Armia.
3:11 of 2nd period - Stopped by Ilya Sorokin without a rebound.
3:12 of 2nd period - Jean-Gabriel Pageau wins face-off versus Joel Armia in New York Islanders zone.
3:23 of 2nd period - Slapshot by Jean-Gabriel Pageau.
3:23 of 2nd period - Goal by Jean-Gabriel Pageau - Montreal Canadiens : 0 - New York Islanders : 1.
3:24 of 2nd period - Nick Suzuki wins face-off versus Brock Nelson in neutral zone.
3:35 of 2nd period - Slapshot by Thomas Chabot.
3:35 of 2nd period - Stopped by Jake Allen with a rebound.
3:37 of 2nd period - Slapshot by Brock Nelson.
3:37 of 2nd period - Shot Misses the Net.
3:39 of 2nd period - Snap shot by Scott Mayfield.
3:39 of 2nd period - Stopped by Jake Allen without a rebound.
3:40 of 2nd period - Nick Suzuki wins face-off versus Mathew Barzal in Montreal Canadiens zone.
3:57 of 2nd period - Snap shot by Mathew Barzal.
3:57 of 2nd period - Stopped by Jake Allen without a rebound.
3:58 of 2nd period - Brock Nelson wins face-off versus Kirby Dach in Montreal Canadiens zone.
3:59 of 2nd period - Wrist shot by Anders Lee.
3:59 of 2nd period - Stopped by Jake Allen without a rebound.
4:00 of 2nd period - Kirby Dach wins face-off versus Brock Nelson in Montreal Canadiens zone.
4:13 of 2nd period - Snap shot by Kirby Dach.
4:13 of 2nd period - Stopped by Ilya Sorokin with a rebound.
4:49 of 2nd period - Derick Brassard is hit by Hudson Fasching and loses puck.
5:16 of 2nd period - Slapshot by Thomas Chabot.
5:16 of 2nd period - Deflect By Anders Lee.
5:16 of 2nd period - Shot Misses the Net.
5:16 of 2nd period - Puck is out of play.
5:17 of 2nd period - Brock Nelson wins face-off versus Nick Suzuki in Montreal Canadiens zone.
5:22 of 2nd period - Wrist shot by Brock Nelson.
5:22 of 2nd period - Stopped by Jake Allen without a rebound.
5:23 of 2nd period - Brock Nelson wins face-off versus Nick Suzuki in Montreal Canadiens zone.
5:36 of 2nd period - Wrist shot by Anders Lee.
5:36 of 2nd period - Shot Misses the Net.
5:38 of 2nd period - Wrist shot by Cal Clutterbuck.
5:38 of 2nd period - Shot Misses the Net.
5:58 of 2nd period - Wrist shot by Brock Nelson.
5:58 of 2nd period - Stopped by Jake Allen with a rebound.
6:00 of 2nd period - Slapshot by Jakob Chychrun.
6:00 of 2nd period - Stopped by Jake Allen without a rebound.
6:01 of 2nd period - Mathew Barzal wins face-off versus Kirby Dach in Montreal Canadiens zone.
6:02 of 2nd period - Wrist shot by Oliver Wahlstrom.
6:02 of 2nd period - Shot Misses the Net.
6:04 of 2nd period - Snap shot by Oliver Wahlstrom.
6:04 of 2nd period - Stopped by Jake Allen with a rebound.
6:06 of 2nd period - Snap shot by Oliver Wahlstrom.
6:06 of 2nd period - Shot Misses the Net.
6:08 of 2nd period - Wrist shot by Oliver Wahlstrom.
6:08 of 2nd period - Shot Misses the Net.
6:49 of 2nd period - Slapshot by Vladislav Namestnikov.
6:49 of 2nd period - Stopped by Ilya Sorokin without a rebound.
6:50 of 2nd period - Casey Cizikas wins face-off versus Vladislav Namestnikov in New York Islanders zone.
7:07 of 2nd period - Wrist shot by Nick Suzuki.
7:07 of 2nd period - Shot Misses the Net.
7:25 of 2nd period - Snap shot by Anders Lee.
7:25 of 2nd period - Shot Misses the Net.
7:27 of 2nd period - Snap shot by Anders Lee.
7:27 of 2nd period - Stopped by Jake Allen with a rebound.
7:39 of 2nd period - Snap shot by Anders Lee.
7:39 of 2nd period - Shot Misses the Net.
7:56 of 2nd period - Nick Suzuki is hit by Anders Lee and loses puck.
8:11 of 2nd period - Slapshot by Jakob Chychrun.
8:11 of 2nd period - Shot Misses the Net.
8:55 of 2nd period - Icing by Jakob Chychrun.
8:56 of 2nd period - Kirby Dach wins face-off versus Julien Gauthier in New York Islanders zone.
9:10 of 2nd period - Icing by Jakob Chychrun.
9:11 of 2nd period - Casey Cizikas wins face-off versus Kirby Dach in New York Islanders zone.
9:38 of 2nd period - Ryan Pulock is hit by Matt Benning and loses puck.
9:45 of 2nd period - Slapshot by Rafael Harvey-Pinard.
9:45 of 2nd period - Shot Blocked by Ryan Pulock.
9:47 of 2nd period - Wrist shot by Derick Brassard.
9:47 of 2nd period - Shot Blocked by Jakob Chychrun.
11:48 of 2nd period - Thomas Chabot is hit by Josh Anderson.
11:58 of 2nd period - Cal Clutterbuck is hit by David Savard and loses puck.
12:31 of 2nd period - Joel Armia is hit by Cal Clutterbuck and loses puck.
16:49 of 2nd period - Wrist shot by Julien Gauthier.
16:49 of 2nd period - Shot Misses the Net.
17:19 of 2nd period - Kirby Dach is hit by Mathew Barzal and loses puck.
Goals for this period are 0 for Montreal Canadiens vs 1 for New York Islanders.
Shots for this period are 5 for Montreal Canadiens vs 12 for New York Islanders.

3rd period


0:01 of 3rd period - Nick Suzuki wins face-off versus Brock Nelson in neutral zone.
0:14 of 3rd period - Slapshot by Brock Nelson.
0:14 of 3rd period - Stopped by Jake Allen without a rebound.
0:15 of 3rd period - Nick Suzuki wins face-off versus Brock Nelson in Montreal Canadiens zone.
0:15 of 3rd period - Nick Suzuki is hit by Scott Mayfield.
0:18 of 3rd period - Minor Penalty to Josh Anderson for Cross-checking.
0:19 of 3rd period - Brock Nelson wins face-off versus Derick Brassard in Montreal Canadiens zone.
0:27 of 3rd period - Slapshot by Brock Nelson.
0:27 of 3rd period - Deflect By Anders Lee.
0:27 of 3rd period - Shot Misses the Net.
0:27 of 3rd period - Puck is out of play.
0:28 of 3rd period - Brock Nelson wins face-off versus Nick Suzuki in Montreal Canadiens zone.
0:29 of 3rd period - Slapshot by Anders Lee.
0:29 of 3rd period - Deflect By Brock Nelson.
0:29 of 3rd period - Stopped by Jake Allen without a rebound.
0:30 of 3rd period - Nick Suzuki wins face-off versus Brock Nelson in Montreal Canadiens zone.
0:41 of 3rd period - Snap shot by Brock Nelson.
0:41 of 3rd period - Shot Misses the Net.
0:43 of 3rd period - Slapshot by Scott Mayfield.
0:43 of 3rd period - Stopped by Jake Allen with a rebound.
0:45 of 3rd period - Slapshot by Cal Clutterbuck.
0:45 of 3rd period - Goal by Cal Clutterbuck - Montreal Canadiens : 0 - New York Islanders : 2.
0:46 of 3rd period - Josh Anderson wins face-off versus Brock Nelson in neutral zone.
0:53 of 3rd period - Wrist shot by Anders Lee.
0:53 of 3rd period - Goal by Anders Lee - Montreal Canadiens : 0 - New York Islanders : 3.
0:54 of 3rd period - Brock Nelson wins face-off versus Nick Suzuki in neutral zone.
1:09 of 3rd period - Josh Anderson is hit by Thomas Chabot and loses puck.
1:48 of 3rd period - Snap shot by Jean-Gabriel Pageau.
1:48 of 3rd period - Deflect By Hudson Fasching.
1:48 of 3rd period - Stopped by Jake Allen without a rebound.
1:49 of 3rd period - Jean-Gabriel Pageau wins face-off versus Sean Monahan in Montreal Canadiens zone.
2:00 of 3rd period - Snap shot by Sean Monahan.
2:00 of 3rd period - Stopped by Ilya Sorokin without a rebound.
2:01 of 3rd period - Brock Nelson wins face-off versus Josh Anderson in New York Islanders zone.
2:17 of 3rd period - Slapshot by Thomas Chabot.
2:17 of 3rd period - Shot Misses the Net.
2:33 of 3rd period - Slapshot by Thomas Chabot.
2:33 of 3rd period - Stopped by Jake Allen without a rebound.
2:34 of 3rd period - Mathew Barzal wins face-off versus Kirby Dach in Montreal Canadiens zone.
2:39 of 3rd period - Snap shot by Oliver Wahlstrom.
2:39 of 3rd period - Goal by Oliver Wahlstrom - Montreal Canadiens : 0 - New York Islanders : 4.
2:40 of 3rd period - Brock Nelson wins face-off versus Sean Monahan in neutral zone.
3:07 of 3rd period - Alex Newhook is hit by Thomas Chabot and loses puck.
3:19 of 3rd period - Off-side.
3:20 of 3rd period - Nick Suzuki wins face-off versus Cal Clutterbuck in neutral zone.
3:30 of 3rd period - Off-side.
3:31 of 3rd period - Anders Lee wins face-off versus Nick Suzuki in neutral zone.
4:21 of 3rd period - Wrist shot by Thomas Chabot.
4:21 of 3rd period - Stopped by Jake Allen without a rebound.
4:22 of 3rd period - Derick Brassard wins face-off versus Jean-Gabriel Pageau in Montreal Canadiens zone.
4:27 of 3rd period - Slapshot by Mike Matheson.
4:27 of 3rd period - Shot Misses the Net.
4:36 of 3rd period - Icing by Jakob Chychrun.
4:37 of 3rd period - Nick Suzuki wins face-off versus Jean-Gabriel Pageau in New York Islanders zone.
4:38 of 3rd period - Slapshot by Mike Matheson.
4:38 of 3rd period - Shot Misses the Net.
4:40 of 3rd period - Wrist shot by David Savard.
4:40 of 3rd period - Stopped by Ilya Sorokin without a rebound.
4:41 of 3rd period - Brock Nelson wins face-off versus Nick Suzuki in New York Islanders zone.
4:41 of 3rd period - Brock Nelson is hit by Nick Suzuki.
5:59 of 3rd period - Slapshot by Adam Pelech.
5:59 of 3rd period - Stopped by Jake Allen without a rebound.
6:00 of 3rd period - Oliver Wahlstrom wins face-off versus Nick Suzuki in Montreal Canadiens zone.
6:11 of 3rd period - Slapshot by Kaiden Guhle.
6:11 of 3rd period - Stopped by Ilya Sorokin with a rebound.
6:27 of 3rd period - Josh Bailey is hit by Pierre Engvall and loses puck.
6:32 of 3rd period - Wrist shot by Jean-Gabriel Pageau.
6:32 of 3rd period - Stopped by Jake Allen with a rebound.
8:15 of 3rd period - Snap shot by Nick Suzuki.
8:15 of 3rd period - Shot Blocked by Cal Clutterbuck.
8:29 of 3rd period - Snap shot by Rafael Harvey-Pinard.
8:29 of 3rd period - Stopped by Ilya Sorokin without a rebound.
8:30 of 3rd period - Derick Brassard wins face-off versus Mathew Barzal in New York Islanders zone.
8:31 of 3rd period - Snap shot by Rafael Harvey-Pinard.
8:31 of 3rd period - Stopped by Ilya Sorokin without a rebound.
8:32 of 3rd period - Mathew Barzal wins face-off versus Derick Brassard in New York Islanders zone.
8:41 of 3rd period - Snap shot by Mathew Barzal.
8:41 of 3rd period - Shot Misses the Net.
8:43 of 3rd period - Snap shot by Mathew Barzal.
8:43 of 3rd period - Shot Misses the Net.
8:45 of 3rd period - Wrist shot by Matt Martin.
8:45 of 3rd period - Shot Blocked by Rafael Harvey-Pinard.
8:47 of 3rd period - Wrist shot by Oliver Wahlstrom.
8:47 of 3rd period - Shot Blocked by Josh Bailey.
8:49 of 3rd period - Slapshot by Alexander Romanov.
8:49 of 3rd period - Shot Blocked by David Savard.
9:07 of 3rd period - Sean Monahan is hit by Brock Nelson and loses puck.
9:30 of 3rd period - Snap shot by Pierre Engvall.
9:30 of 3rd period - Shot Misses the Net.
9:32 of 3rd period - Slapshot by Pierre Engvall.
9:32 of 3rd period - Shot Blocked by Johnathan Kovacevic.
9:34 of 3rd period - Slapshot by Hudson Fasching.
9:34 of 3rd period - Deflect By Pierre Engvall.
9:34 of 3rd period - Shot Misses the Net.
9:34 of 3rd period - Puck is out of play.
9:35 of 3rd period - Nick Suzuki wins face-off versus Mathew Barzal in Montreal Canadiens zone.
9:35 of 3rd period - Nick Suzuki is hit by Scott Mayfield.
10:12 of 3rd period - Backhand shot by Anders Lee.
10:12 of 3rd period - Stopped by Jake Allen with a rebound.
11:04 of 3rd period - Mike Matheson is hit by Thomas Chabot and loses puck.
11:09 of 3rd period - Wrist shot by Anders Lee.
11:09 of 3rd period - Stopped by Jake Allen without a rebound.
11:10 of 3rd period - Brock Nelson wins face-off versus Nick Suzuki in Montreal Canadiens zone.
11:19 of 3rd period - Wrist shot by Brock Nelson.
11:19 of 3rd period - Shot Misses the Net.
11:57 of 3rd period - Snap shot by Anders Lee.
11:57 of 3rd period - Shot Blocked by Nick Suzuki.
11:59 of 3rd period - Slapshot by Cal Clutterbuck.
11:59 of 3rd period - Stopped by Jake Allen with a rebound.
12:01 of 3rd period - Snap shot by Anders Lee.
12:01 of 3rd period - Stopped by Jake Allen with a rebound.
12:03 of 3rd period - Slapshot by Adam Pelech.
12:03 of 3rd period - Shot Blocked by Josh Anderson.
12:05 of 3rd period - Slapshot by Alexander Romanov.
12:05 of 3rd period - Deflect By Brock Nelson.
12:05 of 3rd period - Shot Misses the Net.
12:05 of 3rd period - Puck is out of play.
12:06 of 3rd period - Mathew Barzal wins face-off versus Kirby Dach in Montreal Canadiens zone.
12:11 of 3rd period - Slapshot by Mathew Barzal.
12:11 of 3rd period - Shot Misses the Net.
12:13 of 3rd period - Wrist shot by Mathew Barzal.
12:13 of 3rd period - Stopped by Jake Allen with a rebound.
12:15 of 3rd period - Wrist shot by Matt Martin.
12:15 of 3rd period - Stopped by Jake Allen with a rebound.
12:17 of 3rd period - Backhand shot by Thomas Chabot.
12:17 of 3rd period - Deflect By Mathew Barzal.
12:17 of 3rd period - Stopped by Jake Allen with a rebound.
12:19 of 3rd period - Snap shot by Oliver Wahlstrom.
12:19 of 3rd period - Stopped by Jake Allen without a rebound.
12:20 of 3rd period - Mathew Barzal wins face-off versus Kirby Dach in Montreal Canadiens zone.
12:21 of 3rd period - Slapshot by Thomas Chabot.
12:21 of 3rd period - Stopped by Jake Allen without a rebound.
12:22 of 3rd period - Mathew Barzal wins face-off versus Kirby Dach in Montreal Canadiens zone.
12:23 of 3rd period - Wrist shot by Thomas Chabot.
12:23 of 3rd period - Deflect By Alex Newhook.
12:23 of 3rd period - Stopped by Jake Allen without a rebound.
12:24 of 3rd period - Mathew Barzal wins face-off versus Kirby Dach in Montreal Canadiens zone.
12:50 of 3rd period - Slapshot by Thomas Chabot.
12:50 of 3rd period - Stopped by Jake Allen without a rebound.
12:51 of 3rd period - Nick Suzuki wins face-off versus Brock Nelson in Montreal Canadiens zone.
13:00 of 3rd period - Snap shot by Mike Matheson.
13:00 of 3rd period - Shot Misses the Net.
13:02 of 3rd period - Snap shot by Nick Suzuki.
13:02 of 3rd period - Shot Misses the Net.
13:18 of 3rd period - Wrist shot by Nick Suzuki.
13:18 of 3rd period - Shot Misses the Net.
13:20 of 3rd period - Snap shot by Sean Monahan.
13:20 of 3rd period - Shot Misses the Net.
13:22 of 3rd period - Snap shot by Sean Monahan.
13:22 of 3rd period - Shot Blocked by Ryan Pulock.
13:24 of 3rd period - Wrist shot by Sean Monahan.
13:24 of 3rd period - Stopped by Ilya Sorokin with a rebound.
13:26 of 3rd period - Snap shot by Josh Anderson.
13:26 of 3rd period - Deflect By Sean Monahan.
13:26 of 3rd period - Shot Misses the Net.
13:26 of 3rd period - Puck is out of play.
13:27 of 3rd period - Kirby Dach wins face-off versus Oliver Wahlstrom in New York Islanders zone.
13:28 of 3rd period - Snap shot by Cole Caufield.
13:28 of 3rd period - Shot Misses the Net.
13:30 of 3rd period - Snap shot by Alex Newhook.
13:30 of 3rd period - Stopped by Ilya Sorokin without a rebound.
13:31 of 3rd period - Mathew Barzal wins face-off versus Cole Caufield in New York Islanders zone.
14:02 of 3rd period - Off-side.
14:03 of 3rd period - Nick Suzuki wins face-off versus Cal Clutterbuck in neutral zone.
14:08 of 3rd period - Icing by Cal Clutterbuck.
14:09 of 3rd period - Brock Nelson wins face-off versus Nick Suzuki in New York Islanders zone.
14:30 of 3rd period - Cal Clutterbuck is hit by Nick Suzuki and loses puck.
14:37 of 3rd period - Snap shot by Brock Nelson.
14:37 of 3rd period - Stopped by Jake Allen without a rebound.
14:38 of 3rd period - Mathew Barzal wins face-off versus Kirby Dach in Montreal Canadiens zone.
14:52 of 3rd period - Oliver Wahlstrom and Kirby Dach fight to a draw.
14:52 of 3rd period - Penalty to Oliver Wahlstrom for Fighting.
14:52 of 3rd period - Penalty to Kirby Dach for Fighting.
14:53 of 3rd period - Brock Nelson wins face-off versus Josh Anderson in neutral zone.
15:06 of 3rd period - Slapshot by Brock Nelson.
15:06 of 3rd period - Deflect By Anders Lee.
15:06 of 3rd period - Stopped by Jake Allen without a rebound.
15:07 of 3rd period - Brock Nelson wins face-off versus Nick Suzuki in Montreal Canadiens zone.
16:15 of 3rd period - Icing by Matt Benning.
16:16 of 3rd period - Derick Brassard wins face-off versus Brock Nelson in Montreal Canadiens zone.
17:08 of 3rd period - Slapshot by Jakob Chychrun.
17:08 of 3rd period - Shot Blocked by Kaiden Guhle.
17:46 of 3rd period - Alexander Romanov is hit by Cole Caufield and loses puck.
19:01 of 3rd period - Casey Cizikas is hit by Alexander Edler.
19:19 of 3rd period - Hudson Fasching is hit by Alexander Edler and loses puck.
Goals for this period are 0 for Montreal Canadiens vs 3 for New York Islanders.
Shots for this period are 7 for Montreal Canadiens vs 24 for New York Islanders.